 Dungeon Crawl Stone Soup version 0.23.1 (webtiles) character file.

Game seed: 0

189260 sanboga the Severer (level 18, -15/124 HPs)
             Began as a Gargoyle Berserker on Mar 8, 2019.
             Was the Champion of Trog.
             Collided with a harpy (19 damage)
             ... caused by a merfolk aquamancer
             ... on level 4 of the Shoals.
             The game lasted 00:48:20 (26518 turns).

sanboga the Severer (Gargoyle Berserker)           Turns: 26518, Time: 00:48:21

Health: -15/124    AC: 43    Str: 37    XL:     18   Next: 57%
Magic:  10/18      EV:  9    Int: 17    God:    Trog [******]
Gold:   2210       SH:  3    Dex:  9    Spells: 17/17 levels left

rFire    + + .     SeeInvis .   F - +5 battleaxe (elec)
rCold    + + .     Gourm    .   (shield currently unavailable)
rNeg     + . .     Faith    .   f - +2 plate armour {rF+}
rPois    ∞         Spirit   .   a - +2 helmet of Dramatic Exits {*Contam Str+7}
rElec    +         Reflect  +   n - +0 cloak
rCorr    .         Harm     .   (no gloves)
MR       +....                  b - +1 pair of boots of Knowledge {rElec Regen+ Int+4 Stlth+}
Stlth    ..........             d - +3 amulet of reflection
HPRegen  0.70/turn              x - ring of Gaunguso {rC++ Str+2}
MPRegen  0.16/turn              p - ring of Cumniqeote {+Fly rF+ Int+4}

@: flying
A: big wings, yellow scales 1, negative energy resistance 1, electricity
resistance, wild magic 1, unbreathing, petrification resistance, rot immunity,
AC +13
a: Stop Flying, Berserk, Trog's Hand, Brothers in Arms, Renounce Religion


You were on level 4 of the Shoals.
You worshipped Trog.
Trog was exalted by your worship.
You were not hungry.

You visited 5 branches of the dungeon, and saw 28 of its levels.
You also visited: Gauntlet and Volcano.

You collected 2480 gold pieces.
You spent 270 gold pieces at shops.

Inventory:

Hand Weapons
 F - a +5 battleaxe of electrocution (weapon)
 G - a +1 vampiric executioner's axe
Armour
 a - the +2 helmet of Dramatic Exits (worn) {*Contam Str+7}
   (You found it on level 11 of the Dungeon)

   It affects your strength (+7).
   It causes magical contamination when unequipped.
 b - the +1 pair of boots of Knowledge (worn) {rElec Regen+ Int+4 Stlth+}
   (You found it in a volcano)

   It affects your intelligence (+4).
   It insulates you from electricity.
   It increases your rate of regeneration.
   It makes you more stealthy.
 f - a +2 plate armour of fire resistance (worn)
 n - a +0 cloak (worn)
Jewellery
 d - a +3 amulet of reflection (around neck)
 i - an uncursed ring of protection from fire
 l - the ring of Wu Jian's Condemnation {rC++ Int+4 Dex+3}
   (You took it off a wight on level 14 of the Dungeon)

   [ring of dexterity]

   It affects your intelligence (+4).
   It affects your dexterity (+3).
   It greatly protects you from cold.
 p - the ring of Cumniqeote (right hand) {+Fly rF+ Int+4}
   (You found it on level 5 of the Dungeon)

   [ring of flight]

   It affects your intelligence (+4).
   It protects you from fire.
   It lets you fly.
 x - the ring of Gaunguso (left hand) {rC++ Str+2}
   (You found it on level 7 of the Dungeon)

   [ring of strength]

   It affects your strength (+2).
   It greatly protects you from cold.
 A - an uncursed ring of flight {unknown}
 K - the ring "Dabaexesay" {rN+ MR+ Str-5 SInv Stlth+}
   (You found it on level 12 of the Dungeon)

   [ring of see invisible]

   It affects your strength (-5).
   It protects you from negative energy.
   It affects your resistance to hostile enchantments.
   It lets you see invisible.
   It makes you more stealthy.
 M - an uncursed ring of fire {unknown}
Wands
 k - a wand of enslavement (7)
 m - a wand of acid (17)
 q - a wand of clouds (4)
 s - a wand of scattershot (12)
 t - a wand of polymorph (36)
 w - a wand of random effects (24)
 y - a wand of flame (61)
 z - a wand of paralysis (11)
 J - a wand of iceblast (28)
 L - a wand of digging (5)
Scrolls
 e - 13 scrolls of teleportation
 g - 2 scrolls of blinking
 j - 7 scrolls of remove curse
 r - 2 scrolls of identify
 u - a scroll of enchant armour
 D - 7 scrolls of enchant weapon
 H - 2 scrolls of magic mapping
 I - 2 scrolls of fog
Potions
 h - 4 potions of might
 o - a potion of resistance
 v - a potion of mutation
 C - 3 potions of cancellation
 E - 9 potions of curing
Comestibles
 c - 37 rations
 B - 18 chunks of flesh


   Skills:
 + Level 17.5 Fighting
 * Level 20.1 Axes
 + Level 17.4 Armour
 - Level 1.5 Dodging


You had 17 spell levels left.
You didn't know any spells.
Your spell library was empty.

Dungeon Overview and Level Annotations

Branches:
Dungeon (15/15)            Temple (1/1) D:6            Lair (6/6) D:10
 Shoals (4/4) Lair:2        Snake (0/4) Lair:4        Slime (0/5) Lair:6
    Orc (2/2) D:11            Elf (0/3) Orc:2        Vaults (0/5) D:13
 Depths (0/5) D:15

Altars:
Cheibriados
Elyvilon
Fedhas
Gozag
Kikubaaqudgha
Makhleb
Nemelex Xobeh
Okawaru
Qazlal
Ru
Uskayaw
Vehumet
Wu Jian
Beogh

Shops:
D:8 =   D:9 (   D:13 *   Orc:2 ==(!


Innate Abilities, Weirdness & Mutations

You are resistant to torment.
Your stone body is resilient. (AC +13)
You are immune to poison.
Your large and strong wings let you fly indefinitely.
You resist negative energy. (rN+)
You are resistant to electric shocks. (rElec)
You can survive without breathing.
You are immune to petrification.
You are immune to rotting.
You are partially covered in yellow scales. (AC +2)
Your spells are a little harder to cast, but a little more powerful.


Message History

You kill the merfolk siren!
Trog accepts your kill.
Trog appreciates your killing of a magic user.
You slice the merfolk impaler!! You barely miss the merfolk aquamancer.
You slice the water elemental!!
The merfolk impaler hits you with a +4 antimagic trident!
* * * LOW HITPOINT WARNING * * *
You feel your power leaking away.
The merfolk hits you but does no damage.
The merfolk javelineer hits you but does no damage.
The harpy claws you but does no damage. x2
You feel better.
The harpy claws you but does no damage. x2
The water elemental hits you.
The merfolk impaler hits you but does no damage.
The merfolk aquamancer gestures at you while chanting.
The torrent of water hits you!!
* * * LOW HITPOINT WARNING * * *
You are knocked back by the torrent of water.
You collide with the harpy!
You die...

≈P≈≈≈≈≈≈...........≈≈≈≈≈≈≈≈≈≈≈≈≈≈
≈≈≈≈≈≈≈≈...........≈≈≈≈≈≈≈≈≈≈≈≈≈≈
≈≈≈≈≈≈≈)≈.)........≈≈≈≈≈≈≈≈≈≈≈≈≈≈
≈≈≈.≈≈≈≈).######.....≈≈≈≈≈≈≈≈≈≈≈≈
≈≈..≈≈≈≈≈##≈≈≈≈.#.....≈≈≈≈≈≈≈≈≈≈≈
≈.#....≈##≈≈≈≈≈#.#(.....≈≈≈≈≈≈≈≈≈
.##.##..#≈≈≈#≈≈m#.#......≈≈≈≈≈≈≈≈
....##..#≈≈≈≈≈m.mE#......≈≈≈≈≈≈≈≈
≈P≈.....# ≈≈##≈m@.#......≈≈≈≈≈≈≈≈
P≈≈≈≈...# #≈#H≈#......≈≈≈≈≈≈≈≈
≈P≈P≈P.≈# .≈≈≈.≈#......≈≈≈≈≈≈≈≈
≈PP≈≈≈≈≈## #.≈≈≈≈##......≈≈≈≈≈≈≈≈
PP≈P≈≈P≈≈##≈≈≈≈≈##......≈≈≈≈≈≈≈≈≈
≈P≈P≈≈≈≈≈≈#######≈≈....≈≈≈≈≈≈≈≈≈≈
≈≈P≈≈≈≈≈≈≈≈≈...≈≈≈≈....≈≈≈≈≈≈≈≈≈≈
≈≈P≈≈≈...≈≈≈.#.≈≈≈≈≈......≈≈≈≈≈≈≈
≈≈≈≈≈.###..≈≈....≈≈≈.##......≈≈≈≈


You could see a merfolk impaler, a merfolk javelineer, a merfolk aquamancer, a
merfolk, a water elemental and a harpy.

Vanquished Creatures
  Rupert (Lair:4)
  Jorgrun (Shoals:3)
  2 krakens
  A sphinx (D:14)
  Polyphemus (Shoals:2)
  Kirke (D:15)
  Ilsuiw (Shoals:2)
  Aizul (Shoals:3)
  Louise (Shoals:2)
  2 stone giants
  Nessos (D:12)
  A minotaur (Gauntlet)
  2 merfolk javelineers
  2 merfolk impalers
  Josephine (D:15)
  2 hydras
  2 catoblepae
  Erica (Orc:1)
  5 merfolk aquamancers
  6 merfolk avatars
  2 alligator snapping turtles (Shoals:3)
  5 centaur warriors
  13 death yaks
  7 two-headed ogres
  An ogre mage (D:15)
  4 satyrs
  4 orc high priests (Orc:2)
  A tengu warrior (D:14)
  Urug (D:13)
  A queen ant (Lair:2)
  Nergalle (D:10)
  A fire crab (shapeshifter) (D:14)
  8 sea snakes
  An unseen horror (D:15)
  10 skeletal warriors
  An orange crystal statue (D:11)
  2 wizards (D:14)
  Pikel (D:4)
  6 orc knights (Orc:2)
  A necromancer (Gauntlet)
  23 harpies
  4 orc sorcerers (Orc:2)
  21 fauns
  27 ugly things
  4 cyclopes
  2 deep elf magi
  2 oklob plants (Lair:4)
  9 elephants
  21 manticores
  Maurice (D:8)
  Joseph (D:7)
  6 black mambas
  9 merfolk sirens
  6 water nymphs
  10 spiny frogs
  3 kobold demonologists (D:14)
  7 gargoyles
  2 efreet
  5 komodo dragons
  2 freezing wraiths (D:15)
  3 hornets
  A queen bee (D:10)
  6 polar bears
  A queen bee (shapeshifter) (D:14)
  A troll (shapeshifter) (D:14)
  A jumping spider (shapeshifter) (D:15)
  9 wind drakes
  8 trolls
  A polar bear (shapeshifter) (D:15)
  37 merfolk
  5 blink frogs (Lair:1)
  A wolf spider simulacrum (D:14)
  14 hippogriffs
  4 snapping turtles
  16 dream sheep
  21 slime creatures
  10 spriggans
  Sigmund (D:6)
  A wyvern (D:12)
  8 wraiths
  A centaur simulacrum (D:15)
  A ynoxinul (Gauntlet)
  16 humans (D:13)
  4 basilisks
  2 fire elementals (Volcano)
  35 yaks
  27 water elementals
  3 hungry ghosts
  2 hogs (D:15)
  A hog (shapeshifter) (D:15)
  7 vampire mosquitoes (D:15)
  Menkaure (D:7)
  5 soldier ants (Lair:2)
  12 water moccasins
  3 nagas (Lair:4)
  Duvessa (D:4)
  7 porcupines
  4 small abominations (Gauntlet)
  6 black bears
  28 orc warriors
  4 slaves (D:4)
  4 ice beasts
  4 sky beasts
  An ice beast (shapeshifter) (D:15)
  A hornet zombie (D:15)
  7 boggarts
  12 ogres
  31 wolves
  17 centaurs
  12 crocodiles
  6 big kobolds
  17 bullfrogs
  3 earth elementals
  Dowan (D:4)
  A wyvern zombie (D:8)
  A wyvern skeleton (D:8)
  5 scorpions
  4 killer bees (D:12)
  14 wights
  7 electric eels
  7 howler monkeys
  9 crimson imps
  3 bullfrog zombies
  5 centaur zombies
  8 jellies
  A wyvern simulacrum (D:11)
  19 orc priests
  17 hounds
  25 orc wizards
  6 centaur skeletons
  2 iron imps (Gauntlet)
  4 bullfrog skeletons
  Terence (D:2)
  5 iguanas
  22 worker ants
  17 gnolls
  A worker ant zombie (D:7)
  13 adders
  6 shadow imps
  A white imp (D:11)
  2 ufetubi (D:11)
  4 oozes
  2 adder zombies
  An adder skeleton (D:9)
  4 worms
  3 dart slugs
  3 leopard geckos
  75 orcs
  4 bats
  2 bat zombies (D:6)
  4 giant cockroaches
  15 goblins
  11 hobgoblins
  4 jackals
  A quokka (D:5)
  3 ball pythons
  15 frilled lizards
  2 jackal skeletons
  28 kobolds
  A leopard gecko zombie (D:5)
  2 quokka skeletons
  9 rats
  A rat zombie (D:6)
  A fungus (Lair:6)
  18 plants
  4 tentacles
1129 creatures vanquished.

Vanquished Creatures (collateral kills)
  An ice dragon (D:11)
  2 polar bears (D:11)
3 creatures vanquished.

Vanquished Creatures (others)
  A merfolk aquamancer (Shoals:4)
  A human (D:15)
  An orc wizard (D:10)
  A bush (Lair:6)
  A demonic plant (Gauntlet)
  11 fungi
  5 plants
  9 tentacles
30 creatures vanquished.

Grand Total: 1162 creatures vanquished

Notes
Turn   | Place    | Note
-------+----------+-------------------------------------------
     0 | D:1      | sanboga the Gargoyle Berserker began the quest for the Orb.
     0 | D:1      | Reached XP level 1. HP: 14/14 MP: 1/1
    75 | D:1      | Reached XP level 2. HP: 7/19 MP: 2/2
   292 | D:1      | Reached skill level 3 in Axes
   657 | D:1      | Reached XP level 3. HP: 20/23 MP: 3/3
  1030 | D:1      | Gained mutation: You are partially covered in yellow
                  | scales. (AC +2) [potion of mutation]
  1030 | D:1      | Gained mutation: Your spells are a little harder to cast,
                  | but a little more powerful. [potion of mutation]
  1044 | D:2      | Noticed Terence
  1059 | D:2      | Killed Terence
  1059 | D:2      | Reached ** piety under Trog
  1059 | D:2      | Reached XP level 4. HP: 26/29 MP: 4/4
  1409 | D:2      | Reached skill level 4 in Axes
  1623 | D:2      | Reached XP level 5. HP: 32/33 MP: 5/5
  1974 | D:3      | Reached *** piety under Trog
  2025 | D:3      | Reached XP level 6. HP: 39/39 MP: 6/6
  2037 | D:3      | Found an opulent altar of Gozag.
  2079 | D:3      | Found a sparkling altar of Nemelex Xobeh.
  2547 | D:4      | Noticed a slave
  2551 | D:4      | Noticed a slave
  2553 | D:4      | Killed a slave
  2553 | D:4      | Noticed Pikel
  2558 | D:4      | Noticed a slave
  2560 | D:4      | Noticed a slave
  2566 | D:4      | Killed Pikel
  2566 | D:4      | Reached skill level 5 in Fighting
  2566 | D:4      | Reached skill level 6 in Axes
  2566 | D:4      | Reached skill level 5 in Armour
  2566 | D:4      | Reached XP level 7. HP: 44/44 MP: 7/7
  2828 | D:4      | Noticed Duvessa
  2828 | D:4      | Noticed Dowan
  2837 | D:4      | Killed Duvessa
  2837 | D:4      | Reached XP level 8. HP: 51/51 MP: 8/8
  2843 | D:4      | HP: 1/51 [Dowan/stone arrow (6)]
  2866 | D:4      | Your ally died
  3510 | D:5      | Entered Level 5 of the Dungeon
  3582 | D:5      | Reached skill level 7 in Axes
  3670 | D:5      | Found a stormy altar of Qazlal.
  3960 | D:5      | Got a scintillating amber ring
  4129 | D:5      | Identified the ring of Cumniqeote {+Fly rF+ Int+4} (You
                  | found it on level 5 of the Dungeon)
  4184 | D:6      | Reached **** piety under Trog
  4184 | D:6      | Reached XP level 9. HP: 56/56 MP: 9/9
  4228 | D:6      | Found an ancient bone altar of Kikubaaqudgha.
  4316 | D:6      | Found a staircase to the Ecumenical Temple.
  4326 | D:6      | Reached skill level 8 in Axes
  4376 | D:6      | Noticed Sigmund
  4406 | D:6      | Killed Sigmund
  4420 | D:6      | Found a sacrificial altar of Ru.
  4752 | D:6      | Found a hide-covered altar of Uskayaw.
  4758 | D:6      | Noticed a -2 hand axe
  4758 | D:6      | Noticed a +0 hand axe
  4818 | D:6      | Found a white marble altar of Elyvilon.
  5012 | Temple   | Entered the Ecumenical Temple
  5091 | D:7      | Found a burning altar of Makhleb.
  5091 | D:7      | Found a radiant altar of Vehumet.
  5130 | D:7      | Found a snail-covered altar of Cheibriados.
  5167 | D:7      | Got a brightly glowing lapis lazuli ring
  5197 | D:7      | Identified the ring of Gaunguso {rC++ Str+2} (You found it
                  | on level 7 of the Dungeon)
  5198 | D:7      | Noticed Joseph
  5217 | D:7      | Killed Joseph
  5217 | D:7      | Reached skill level 9 in Axes
  5226 | D:7      | Noticed Menkaure
  5236 | D:7      | Killed Menkaure
  5277 | D:7      | Reached XP level 10. HP: 52/64 MP: 10/10
  5313 | D:7      | Reached ***** piety under Trog
  5473 | D:7      | Received a gift from Trog
  6145 | D:8      | Reached skill level 10 in Axes
  6158 | D:8      | Identified the +1 chain mail of the City {rC++ MP+9}
  6486 | D:8      | Found Ilokac's Jewellery Shop.
  6511 | D:8      | Noticed Maurice
  6511 | D:8      | Paralysed by Maurice for 6 turns
  6531 | D:8      | Paralysed by something for 4 turns
  6553 | D:8      | Killed Maurice
  7090 | D:9      | Found an iron altar of Okawaru.
  7137 | D:9      | Found Kihun's Weapon Emporium.
  7218 | D:9      | Found a blossoming altar of Fedhas.
  7218 | D:9      | Found an ornate altar of the Wu Jian Council.
  7339 | D:10     | Entered Level 10 of the Dungeon
  7339 | D:10     | Found the +5 pair of quick blades "Gyre" and "Gimble"
                  | {pierce, Dex-3}
  7393 | D:10     | Reached XP level 11. HP: 40/71 MP: 11/11
  7395 | D:10     | Reached skill level 11 in Axes
  7511 | D:10     | Found a staircase to the Lair.
  7603 | D:10     | Received a gift from Trog
  7611 | D:10     | Noticed Nergalle
  7634 | D:10     | Killed Nergalle
  7768 | D:10     | Reached skill level 10 in Fighting
  7798 | D:10     | Noticed Sonja
  7830 | D:10     | Noticed Sonja
  7830 | D:10     | Sonja changed into Sonja the queen bee
  7844 | D:10     | Killed Sonja the queen bee
  8164 | D:11     | Found a staircase to the Orcish Mines.
  8165 | D:11     | Noticed a two-headed ogre
  8170 | D:11     | Noticed a manticore
  8181 | D:11     | Killed a two-headed ogre
  8181 | D:11     | Reached skill level 10 in Armour
  8188 | D:11     | Killed a manticore
  8344 | D:11     | Noticed an orange crystal statue
  8366 | D:11     | Reached skill level 12 in Axes
  8787 | D:11     | Noticed an ice dragon
  8817 | D:11     | Reached XP level 12. HP: 69/79 MP: 12/12
  8834 | D:11     | HP: 1/79 [ice dragon/blast of cold (6)]
  8836 | D:11     | Killed an ice dragon
  9045 | D:11     | Got a spiked helmet
  9056 | D:11     | Identified the +2 helmet of Dramatic Exits {*Contam Str+7}
                  | (You found it on level 11 of the Dungeon)
  9113 | D:11     | Got a slimy cloak
  9124 | D:11     | Identified the -2 cloak of Rageim {rC- Dex+3 SInv} (You
                  | found it on level 11 of the Dungeon)
  9647 | D:11     | Noticed a two-headed ogre
  9833 | Lair:1   | Entered Level 1 of the Lair of Beasts
 10207 | Lair:1   | Found a dark tunnel.
 10313 | Lair:1   | Reached skill level 13 in Axes
 10322 | Volcano  | Entered a volcano
 10359 | Volcano  | Noticed a stone giant
 10368 | Volcano  | Killed a stone giant
 10371 | Volcano  | Got a pair of transparent boots
 10395 | Volcano  | Identified the +1 pair of boots of Knowledge {rElec Regen+
                  | Int+4 Stlth+} (You found it in a volcano)
 10794 | Lair:1   | Received a gift from Trog
 11139 | Lair:2   | Noticed a seven-headed hydra
 11141 | Lair:2   | Found a staircase to the Shoals.
 11149 | Lair:2   | Killed an 11-headed hydra
 11250 | Lair:2   | Noticed a queen ant
 11256 | Lair:2   | Killed a queen ant
 11259 | Lair:2   | Reached XP level 13. HP: 81/86 MP: 13/13
 12139 | Lair:3   | Reached skill level 14 in Axes
 12914 | Lair:4   | Found a gate leading to a gauntlet.
 12934 | Gauntlet | Entered a Gauntlet
 12934 | Gauntlet | Found a transporter.
 12934 | Gauntlet | Found a transporter.
 12935 | Gauntlet | Found a transporter.
 12935 | Gauntlet | Found a transporter.
 12938 | Gauntlet | Found a transporter.
 12940 | Gauntlet | Found a large runed translucent door.
 12941 | Gauntlet | Found a large runed translucent door.
 12942 | Gauntlet | Found a large runed translucent door.
 12942 | Gauntlet | Found a large runed translucent door.
 12942 | Gauntlet | Found a runed translucent door.
 12942 | Gauntlet | Found a runed translucent door.
 12943 | Gauntlet | Found a large runed translucent door.
 12943 | Gauntlet | Found a large runed translucent door.
 12943 | Gauntlet | Found a large runed translucent door.
 12943 | Gauntlet | Found a large runed translucent door.
 12944 | Gauntlet | Found a large runed translucent door.
 12944 | Gauntlet | Found a large runed translucent door.
 12945 | Gauntlet | Found a large runed translucent door.
 12945 | Gauntlet | Found a large runed translucent door.
 12946 | Gauntlet | Found a runed translucent gate.
 12946 | Gauntlet | Found a runed translucent gate.
 12946 | Gauntlet | Found a runed translucent gate.
 12948 | Gauntlet | Found a transporter.
 12959 | Gauntlet | Found a large runed translucent door.
 12960 | Gauntlet | Found a large runed translucent door.
 12969 | Gauntlet | Found a large runed translucent door.
 12969 | Gauntlet | Found a large runed translucent door.
 13014 | Gauntlet | Found a transporter.
 13024 | Gauntlet | Found a transporter.
 13039 | Gauntlet | Found a transporter.
 13049 | Gauntlet | Found a transporter.
 13064 | Gauntlet | Found a transporter.
 13070 | Gauntlet | Found a transporter.
 13355 | Gauntlet | Noticed a minotaur
 13373 | Gauntlet | Killed a minotaur
 13681 | Lair:4   | Noticed Rupert
 13697 | Lair:4   | Killed Rupert
 13721 | Lair:4   | Found a staircase to the Snake Pit.
 14660 | Lair:5   | Reached skill level 15 in Axes
 14901 | Lair:6   | Entered Level 6 of the Lair of Beasts
 14935 | Lair:6   | Gained mutation: Your large and strong wings let you fly
                  | indefinitely. [Gargoyle growth]
 14935 | Lair:6   | Reached XP level 14. HP: 94/94 MP: 14/14
 15010 | Lair:6   | Received a gift from Trog
 15768 | Lair:6   | Received a gift from Trog
 15851 | Lair:6   | Found a staircase to the Slime Pits.
 16065 | Lair:6   | Reached skill level 16 in Axes
 16429 | Orc:1    | Entered Level 1 of the Orcish Mines
 16429 | Orc:1    | Noticed Erica
 16431 | Orc:1    | Killed Erica
 16475 | Orc:1    | You are sucked into a shaft!
 16475 | Orc:2    | Entered Level 2 of the Orcish Mines
 16639 | Orc:2    | Paralysed by an orc sorcerer for 3 turns
 16644 | Orc:2    | Reached XP level 15. HP: 100/100 MP: 15/15
 16716 | Orc:2    | Paralysed by an orc sorcerer for 2 turns
 16726 | Orc:2    | Reached ****** piety under Trog
 16730 | Orc:2    | Found Ypaekhly's Jewellery Shop.
 16730 | Orc:2    | Found Eliklim's Distillery.
 16731 | Orc:2    | Paralysed by an orc sorcerer for 6 turns
 16747 | Orc:2    | Paralysed by an orc sorcerer for 6 turns
 16758 | Orc:2    | Found Eheat's Jewellery Shop.
 16758 | Orc:2    | Found Roidaprich's Antique Weapon Shoppe.
 16903 | Orc:2    | Found a staircase to the Elven Halls.
 16988 | Orc:1    | Received a gift from Trog
 17471 | Orc:2    | Found a roughly hewn altar of Beogh.
 17586 | Orc:2    | Found a roughly hewn altar of Beogh.
 17862 | D:12     | Noticed Nessos
 17885 | D:12     | Killed Nessos
 18261 | D:12     | Got a shimmering bone ring
 18262 | D:12     | Identified the ring "Dabaexesay" {rN+ MR+ Str-5 SInv
                  | Stlth+} (You found it on level 12 of the Dungeon)
 18792 | D:13     | Found a gate to the Vaults.
 18792 | D:13     | Noticed Urug
 18797 | D:13     | Received a gift from Trog
 18802 | D:13     | Reached skill level 17 in Axes
 18825 | D:13     | Killed Urug
 19008 | D:13     | Found Cyn Luxt's Pet Rocks.
 19047 | D:13     | Bought a wand of digging (5) for 270 gold pieces
 19624 | D:14     | Reached skill level 15 in Fighting
 19643 | D:14     | Received a gift from Trog
 20080 | D:14     | Reached skill level 15 in Armour
 20366 | D:14     | Reached XP level 16. HP: 108/108 MP: 5/16
 20593 | D:14     | Identified the cursed +1 dire flail of Mutilation {crush,
                  | rN+}
 20653 | D:14     | Paralysed by a wizard for 6 turns
 20666 | D:14     | Noticed a sphinx
 20668 | D:14     | Identified the ring of Wu Jian's Condemnation {rC++ Int+4
                  | Dex+3}
 20676 | D:14     | Killed a sphinx
 20934 | D:15     | Entered Level 15 of the Dungeon
 20964 | D:15     | Received a gift from Trog
 21300 | D:15     | Reached skill level 18 in Axes
 21500 | D:15     | Noticed Josephine
 21508 | D:15     | Killed Josephine
 21514 | D:15     | Noticed Kirke
 21528 | D:15     | Received a gift from Trog
 21535 | D:15     | Killed Kirke
 21587 | D:15     | Found a snail-covered altar of Cheibriados.
 21946 | D:15     | Found a staircase to the Depths.
 22194 | Shoals:1 | Entered Level 1 of the Shoals
 22265 | Shoals:1 | Received a gift from Trog
 22358 | Shoals:1 | Reached XP level 17. HP: 94/115 MP: 5/17
 22954 | Shoals:1 | Noticed a kraken
 22972 | Shoals:1 | Killed a kraken
 23251 | Shoals:2 | Received a gift from Trog
 23282 | Shoals:2 | Reached skill level 19 in Axes
 23439 | Shoals:2 | Noticed Polyphemus
 23456 | Shoals:2 | Killed Polyphemus
 23614 | Shoals:2 | Noticed Ilsuiw
 23615 | Shoals:2 | Noticed Louise
 23637 | Shoals:2 | Killed Louise
 23653 | Shoals:2 | Killed Ilsuiw
 23677 | Shoals:2 | HP: 1/116 [merfolk javelineer/javelin (9)]
 24200 | Shoals:2 | Noticed a kraken
 24211 | Shoals:2 | Killed a kraken
 24651 | Shoals:3 | Received a gift from Trog
 24850 | Shoals:3 | Noticed Jorgrun
 24856 | Shoals:3 | Killed Jorgrun
 24858 | Shoals:3 | Reached XP level 18. HP: 102/123 MP: 18/18
 25472 | Shoals:3 | Noticed Aizul
 25492 | Shoals:3 | Killed Aizul
 25536 | Shoals:3 | Received a gift from Trog
 25777 | Shoals:4 | Entered Level 4 of the Shoals
 25992 | Shoals:4 | Reached skill level 20 in Axes
 26518 | Shoals:4 | HP: 4/124 [merfolk aquamancer/torrent of water (20)]
 26518 | Shoals:4 | Collided with a harpy

Skill      XL: |  1  2  3  4  5  6  7  8  9 10 11 12 13 14 15 16 17 18 |
---------------+-------------------------------------------------------+-----
Axes           | 3 4 6 7 9 10 12 13 15 16 17 18 19 20 | 20.1
Armour         | 3 5 6 7 9 10 11 12 14 15 16 17 | 17.4
Fighting       | 4 5 6 8 9 10 12 13 14 15 16 17 | 17.5
Dodging        | |  1.5

Action                   |  1- 3 |  4- 6 |  7- 9 | 10-12 | 13-15 | 16-18 || total
-------------------------+-------+-------+-------+-------+-------+-------++-------
Melee: Hand axe          |   101 |    39 |       |       |       |       ||   140
       War axe           |       |   145 |   397 |   883 |       |       ||  1425
       Battleaxe         |       |       |       |    49 |   119 |   967 ||  1135
       Broad axe         |       |       |       |       |   999 |       ||   999
Invok: Berserk           |       |     2 |     1 |     6 |     7 |     5 ||    21
       Brothers in Arms  |       |       |       |     2 |       |       ||     2
       Trog's Hand       |       |       |       |     1 |       |       ||     1
 Abil: Fly               |       |       |       |       |     1 |       ||     1
Evoke: Wand              |       |       |     4 |     1 |       |       ||     5
  Use: Potion            |     3 |       |     2 |    11 |     1 |     5 ||    22
       Scroll            |     2 |     9 |     3 |     6 |    11 |     2 ||    33
  Eat: Chunk             |       |     6 |    12 |    15 |    32 |    17 ||    82
       Ration            |       |       |       |     4 |     1 |     3 ||     8
Armor: Animal skin       |    40 |       |       |       |       |       ||    40
       Scale mail        |       |    44 |       |       |       |       ||    44
       Chain mail        |       |    81 |    54 |       |       |       ||   135
       Plate armour      |       |       |   276 |   843 |   919 |  1028 ||  3066
Dodge: Dodged            |    68 |    97 |   167 |   542 |   482 |   445 ||  1801
Block: Other             |       |       |       |       |   103 |   129 ||   232
       Reflection        |       |       |       |       |     2 |    16 ||    18
